 Dungeon Crawl Stone Soup version 0.26-a0-683-g5206c1d7ac (webtiles) character file.

Game seed: 1086677114656788190

7748 strifetoe the Cleaver (level 11, -7/97 HPs)
             Began as a Palentonga Fighter on Oct 23, 2020.
             Was an Elder of Okawaru.
             Mangled by a two-headed ogre
             ... wielding a +0 giant club
              (8 damage)
             ... while petrified by a basilisk
             ... on level 10 of the Dungeon.
             The game lasted 00:16:32 (11983 turns).

strifetoe the Cleaver (Palentonga Fighter)         Turns: 11983, Time: 00:16:32

Health: -7/97      AC: 17    Str: 22    XL:     11   Next: 0%
Magic:  13/13      EV:  1    Int:  8    God:    Okawaru [****..]
Gold:   501        SH:  0    Dex: 11    Spells: 10/10 levels left

rFire    x . .     SeeInvis +   E - +4 hand axe (elec)
rCold    + + .     Faith    .   p - +1 kite shield {AC+3}
rNeg     + + +     Spirit   .   n - +1 ice dragon scales
rPois    ∞         Reflect  +   G - +0 helmet
rElec    .         Harm     .   g - +0 cloak
rCorr    .         Rampage  .   H - +0 pair of gloves
MR       .....                  (no barding)
Stlth    ..........             i - amulet of reflection
HPRegen  0.26/turn              B - ring of see invisible
MPRegen  0.13/turn              h - ring of attention (curse)

@: petrified
A: large, rugged brown scales 3, see invisible, deformed body, roll, armoured
tail
a: Rolling Charge, Heroism, Renounce Religion


You were on level 10 of the Dungeon.
You worshipped Okawaru.
Okawaru was greatly pleased with you.
You visited 2 branches of the dungeon, and saw 11 of its levels.
You also visited: Sewer and Bailey.

You collected 579 gold pieces.
You spent 78 gold pieces at shops.

Inventory:

Hand Weapons
 a - a +0 war axe
 E - a +4 hand axe of electrocution (weapon)
Armour
 c - a +0 kite shield
 g - a +0 cloak (worn)
 n - +1 ice dragon scales (worn)
 p - a +1 kite shield of protection (worn)
 w - a +4 ring mail of magic resistance
 G - a +0 helmet (worn)
 H - a +0 pair of gloves (worn)
Jewellery
 h - a cursed ring of attention (right hand)
 i - an amulet of reflection (around neck)
 q - an uncursed amulet of the acrobat
 B - a ring of see invisible (left hand)
Wands
 b - a wand of digging (4)
 f - a wand of paralysis (12)
 y - a wand of enslavement (12)
 F - a wand of polymorph (1)
Scrolls
 j - 4 scrolls of identify
 k - 4 scrolls of teleportation
 l - 11 scrolls of remove curse
 m - 5 scrolls of fog
 r - 6 scrolls of fear
 t - 2 scrolls of amnesia
 v - a scroll of random uselessness
 x - a scroll of torment {unknown}
Potions
 d - 5 potions of might
 e - 5 potions of brilliance
 o - 2 potions of heal wounds
 s - 2 potions of curing
 u - 2 potions of haste {unknown}
 z - a potion of resistance {unknown}
 A - a potion of mutation
 C - a potion of stabbing


   Skills:
 - Level 6.6 Fighting
 + Level 12.8 Axes
 - Level 5.2 Armour
 - Level 5.2 Dodging
 - Level 2.4 Shields
 - Level 3.1 Invocations


You had 10 spell levels left.
You didn't know any spells.
Your spell library contained the following spells:

 Spells                   Type           Power        Failure   Level
 Summon Small Mammal      Summ           #...         99%         1
 Call Imp                 Summ           #.......     100%        2
 Call Canine Familiar     Summ           #.......     100%        3
 Confusing Touch          Hex            #.......     100%        3
 Gell's Gravitas          Tloc           #.........   100%        3
 Summon Guardian Golem    Hex/Summ       #.......     100%        3
 Petrify                  Tmut/Erth      #.......     100%        4
 Summon Ice Beast         Ice/Summ       #.......     100%        4
 Summon Lightning Spire   Summ/Air       #.......     100%        4
 Metabolic Englaciation   Hex/Ice        #.........   100%        5
 Yara's Violent Unravell  Hex/Tmut       #.........   100%        5


Dungeon Overview and Level Annotations

Branches:
Dungeon (10/15)            Temple (1/1) D:7            Lair (0/6) D:10
  Sewer (visited)          Bailey (visited)
    Orc: D:9-12

Altars:
Ashenzari
Cheibriados
Dithmenos
Elyvilon
Fedhas
Gozag
Hepliaklqana
Kikubaaqudgha
Makhleb
Nemelex Xobeh
Okawaru
Qazlal
Ru
Sif Muna
Trog
Uskayaw
Vehumet
Wu Jian
Xom
Yredelemnul
Zin
The Shining One

Shops:
D:6 ?   D:8 [


Innate Abilities, Weirdness & Mutations

You are completely covered in rugged brown scales. (AC +3, +7% HP)
You have supernaturally acute eyesight. (SInv)
Armour fits poorly on your strangely shaped body.
You can roll at foes to attack.
You have a long armoured tail.


Message History

The two-headed ogre hits you with a +0 giant club!!
* * * LOW HITPOINT WARNING * * *
The two-headed ogre hits you but does no damage.
The basilisk bites you. The basilisk gazes at you. You resist with some effort.
The two-headed ogre hits you but does no damage.
The two-headed ogre hits you with a +0 giant club!
* * * LOW HITPOINT WARNING * * *
The basilisk bites you!
* * * LOW HITPOINT WARNING * * *
The two-headed ogre hits you with a +0 giant club!
* * * LOW HITPOINT WARNING * * *
The two-headed ogre hits you but does no damage.
The basilisk bites you!
* * * LOW HITPOINT WARNING * * *
The two-headed ogre hits you with a +0 giant club.
* * * LOW HITPOINT WARNING * * *
The two-headed ogre hits you with a +0 giant club!
You die...

#...+,,,+...#..,,*,,,***
#...*,,,*...#..,,*,,,,,,
*...#,,,*...'.,,,*,,,,,,
**#.#####...#,,,,+,,****
#.........#,,,,*,,*,,,
#.........#,,,,*,,*,,,
#.........#,,,,*,,*,,,
#.....O...###***,,*,,,
####....@l.......,,,,*,,,
#................,,,,**##
###..............,,,,,,..
#..########....,,,,,,..
#..# *....,,,,***# #..#
*,...,,,,* ##..#
*,,##***,* #...#
*,,#,,,+,* #...#
*..#,,,*,*


You could see a two-headed ogre and a basilisk.

Vanquished Creatures
  2 orc knights (Bailey)
  A guardian serpent (shapeshifter) (D:9)
  Maggie (D:10)
  2 hornets (D:9)
  Grinder (D:6)
  A basilisk (D:10)
  2 water moccasins
  2 black bears
  A sky beast (D:5)
  8 orc warriors
  3 eyes of draining (D:4)
  Purgy (Sewer)
  3 ice beasts
  4 phantoms
  2 ogres (D:8)
  5 centaurs
  A big kobold (D:9)
  8 bullfrogs
  A wyvern zombie (D:8)
  2 scorpions (D:9)
  5 wights (D:8)
  4 howler monkeys
  A centaur zombie (D:6)
  A bullfrog skeleton (D:8)
  4 orc priests
  2 bullfrog zombies (D:7)
  4 hounds
  3 jellies
  6 orc wizards
  2 centaur skeletons
  4 iguanas
  8 worker ants
  A hound skeleton (D:8)
  A worker ant zombie (D:9)
  3 gnolls (D:7)
  12 adders
  3 shadow imps
  3 white imps
  2 ufetubi
  An adder zombie (D:5)
  2 adder skeletons
  2 worms
  A dart slug (D:1)
  3 leopard geckos
  48 orcs
  5 ball pythons
  7 bats
  6 giant cockroaches
  12 goblins
  6 hobgoblins
  16 jackals
  10 kobolds
  A quokka (D:4)
  12 frilled lizards
  10 rats
262 creatures vanquished.

Vanquished Creatures (others)
  A fungus (D:10)
  6 withered plants (D:8)
7 creatures vanquished.

Grand Total: 269 creatures vanquished

Notes
Turn   | Place    | Note
-------+----------+-------------------------------------------
     0 | D:1      | strifetoe the Palentonga Fighter began the quest for the
                  | Orb.
     0 | D:1      | Reached XP level 1. HP: 20/20 MP: 1/1
   313 | D:1      | Reached XP level 2. HP: 20/27 MP: 2/2
   647 | D:1      | Reached skill level 3 in Axes
  1025 | D:1      | Reached XP level 3. HP: 33/33 MP: 3/3
  1397 | D:2      | Reached skill level 4 in Axes
  1587 | D:2      | Found a white marble altar of Elyvilon.
  1812 | D:3      | Found a sacrificial altar of Ru.
  1830 | D:3      | Reached XP level 4. HP: 33/40 MP: 4/4
  2049 | D:3      | Reached skill level 5 in Axes
  2051 | D:3      | Reached XP level 5. HP: 19/48 MP: 5/5
  2802 | D:4      | Reached skill level 6 in Axes
  3183 | D:4      | Found a glowing drain.
  3186 | D:4      | Reached XP level 6. HP: 52/54 MP: 6/6
  3215 | Sewer    | Entered a sewer
  3249 | Sewer    | Noticed Purgy
  3266 | Sewer    | Killed Purgy
  3266 | Sewer    | Reached skill level 7 in Axes
  3773 | D:4      | Noticed an ice beast
  3778 | D:4      | Killed an ice beast
  3804 | D:4      | Reached XP level 7. HP: 60/60 MP: 7/7
  3809 | D:4      | Found a bloodstained altar of Trog.
  3818 | D:4      | Reached skill level 8 in Axes
  4143 | D:5      | Entered Level 5 of the Dungeon
  4148 | D:5      | Reached skill level 9 in Axes
  4228 | D:5      | Reached XP level 8. HP: 67/67 MP: 8/8
  4464 | D:5      | Reached skill level 10 in Axes
  5759 | D:5      | Found a glowing silver altar of Zin.
  6118 | D:6      | Found a stormy altar of Qazlal.
  6134 | D:6      | Found a glowing golden altar of the Shining One.
  6146 | D:6      | Reached skill level 1 in Dodging
  6359 | D:6      | Noticed Grinder
  6376 | D:6      | Killed Grinder
  6540 | D:6      | Reached XP level 9. HP: 66/73 MP: 9/9
  6860 | D:6      | Found Vudogh's Magic Scroll Shop.
  6870 | D:6      | Bought a scroll of teleportation for 39 gold pieces
  6870 | D:6      | Bought a scroll of remove curse for 39 gold pieces
  7328 | D:7      | Found a staircase to the Ecumenical Temple.
  7367 | Temple   | Entered the Ecumenical Temple
  7420 | Temple   | Became a worshipper of Warmaster Okawaru
  8259 | D:8      | Reached skill level 5 in Armour
  8303 | D:8      | Found Vaosipy's Antique Armour Shop.
  8391 | D:8      | Found an ancient bone altar of Kikubaaqudgha.
  8494 | D:8      | Reached * piety under Okawaru
  8494 | D:8      | Reached skill level 1 in Invocations
  8897 | D:8      | Reached skill level 5 in Dodging
  8906 | D:8      | Found a blossoming altar of Fedhas.
  9241 | D:8      | Found a hide-covered altar of Uskayaw.
  9243 | D:8      | Found an opulent altar of Gozag.
  9593 | D:9      | Reached XP level 10. HP: 84/84 MP: 12/12
  9678 | D:9      | Reached skill level 5 in Fighting
  9926 | D:9      | Noticed a guardian serpent
  9926 | D:9      | a shapeshifter changed into a guardian serpent
  9936 | D:9      | Killed a guardian serpent
 10189 | D:9      | Found a glowing silver altar of Zin.
 10189 | D:9      | Noticed an angel
 10420 | D:9      | Reached ** piety under Okawaru
 10502 | D:9      | Found a hazy altar of Hepliaklqana.
 10587 | D:10     | Entered Level 10 of the Dungeon
 10624 | D:10     | Found a flagged portal.
 10631 | Bailey   | Entered a bailey
 10668 | Bailey   | Reached skill level 11 in Axes
 10898 | Bailey   | Noticed an orc knight
 10899 | Bailey   | Noticed an orc knight
 11056 | Bailey   | Killed an orc knight
 11056 | Bailey   | Reached *** piety under Okawaru
 11068 | Bailey   | Killed an orc knight
 11068 | Bailey   | Reached skill level 12 in Axes
 11586 | D:10     | Noticed Maggie
 11613 | D:10     | Killed Maggie
 11923 | D:10     | Reached **** piety under Okawaru
 11926 | D:10     | Reached XP level 11. HP: 97/97 MP: 13/13
 11966 | D:10     | Noticed a two-headed ogre
 11982 | D:10     | HP: 4/97 [basilisk (6)]
 11983 | D:10     | HP: 1/97 [two-headed ogre/+0 giant club (3)]
 11983 | D:10     | Mangled by a two-headed ogre

Illustrated notes

Levels and vault maps discovered:
D:1:      dpeg_arrival_radiant, layout_basic, minmay_misc_feat_x, minivault_19,
          minmay_tromino_v4_a
D:2:      layout_rooms, elyvilon_altar_3
D:3:      layout_loops_ring, nicolae_ru_great_annihilating_truth
D:4:      layout_basic, portal_sewer_entry_a, trog_eyes_of_draining
D:5:      layout_loops_corners, basic_altar
D:6:      layout_loops_cross, grunt_temple_overflow_open, serial_shops,
          kennysheep_mini_moat, uniq_grinder
D:7:      layout_layer_cave, minmay_temple_entry_proselytizer,
          minmay_diced_spiral
D:8:      layout_loops_cross, marbit_many_paths, kiku_gazebo_garden_becter,
          gammafunk_temple_overflow_statue, serial_shops, nicolae_shop_trees
D:9:      layout_irregular_city, zin_angel, lemuel_round_altar,
          hangedman_pestilent_swarm, chequers_hall_statues_wall_a
D:10:     layout_irregular_city, david_lair_generic, enter_bailey_3, uniq_maggie
Temple:   cyrus_circular_temple

Skill      XL: |  1  2  3  4  5  6  7  8  9 10 |
---------------+-------------------------------+-----
Axes           | 3 4 5 6 7 9 10 12 | 12.8
Dodging        | 2 5 |  5.2
Armour         | 3 5 |  5.2
Invocations    | 3 |  3.1
Fighting       | 4 6 |  6.6
Shields        | |  2.4

Action                   |  1- 3 |  4- 6 |  7- 9 | 10-12 || total
-------------------------+-------+-------+-------+-------++-------
Melee: War axe           |   142 |   150 |   428 |    64 ||   784
       Tailslap          |    11 |    11 |    65 |    27 ||   114
       Hand axe          |       |       |       |    99 ||    99
Invok: Heroism           |       |       |       |     1 ||     1
Evoke: Wand              |       |       |     3 |    38 ||    41
  Use: Scroll            |     5 |       |     7 |     6 ||    18
       Potion            |       |     3 |     2 |     3 ||     8
 Stab: Paralysed         |       |     2 |     4 |     8 ||    14
Armor: Scale mail        |    71 |    57 |    36 |       ||   164
       Skin              |       |    11 |       |       ||    11
       Ring mail         |       |       |    81 |    36 ||   117
       Ice dragon scales |       |       |       |    80 ||    80
Dodge: Dodged            |    37 |    16 |    77 |    32 ||   162
Block: Kite shield       |    86 |   119 |   281 |   116 ||   602
       Reflection        |     2 |       |    11 |     5 ||    18

Table legend: (Time is in decaauts)
 A = Elapsed time spent in this place.
 B = Non-inter-level travel time spent in this place.
 C = Inter-level travel time spent in this place.
 D = Time resting spent in this place.
 E = Time spent auto-exploring this place.
 F = Levels seen in this place.
 G = Mean time per level.
                   A        B        C        D        E       F      G
               +--------+--------+--------+--------+--------+-----+--------+
         Total |  12150 |  11924 |    226 |   2610 |   7153 |  13 |  934.6 |
       Dungeon |  10875 |  10656 |    219 |   1954 |   6968 |  10 | 1087.5 |
        Temple |     60 |     53 |      7 |      0 |     44 |   1 |   60.0 |
         Sewer |    364 |    364 |      0 |    144 |    128 |   1 |  364.0 |
        Bailey |    849 |    849 |      0 |    511 |     13 |   1 |  849.0 |
               +--------+--------+--------+--------+--------+-----+--------+

Top non-repeatable levels by time:
     D:5: 1997 daAuts
     D:9: 1244 daAuts
     D:8: 1144 daAuts
     D:1: 1136 daAuts
     D:7: 1123 daAuts
     D:4: 1122 daAuts
     D:3: 1105 daAuts
     D:6: 909 daAuts
  Bailey: 849 daAuts
     D:2: 563 daAuts
    D:10: 529 daAuts
   Sewer: 364 daAuts
  Temple: 60 daAuts
